 Dungeon Crawl Stone Soup version 0.26-a0-651-gb41185065b (webtiles) character file.

Game seed: 10438174696120948939

216 Azzok the Skirmisher (level 5, -3/44 HPs)
             Began as a Demonspawn Fighter on Oct 10, 2020.
             Succumbed to kobold's curare-tipped dart
             ... on level 3 of the Dungeon.
             The game lasted 00:03:30 (3508 turns).

Azzok the Skirmisher (Demonspawn Fighter)           Turns: 3508, Time: 00:03:30

Health: -3/44      AC:  6    Str: 18    XL:     5   Next: 61%
Magic:  5/5        EV:  7    Int:  9    God:
Gold:   109        SH:  8    Dex: 12    Spells: 4/4 levels left

rFire    . . .     SeeInvis .     - Unarmed
rCold    + . .     Faith    .   b - +0 kite shield
rNeg     . . .     Spirit   .   a - +0 scale mail
rPois    .         Reflect  .   (no helmet)
rElec    .         Harm     .   (no cloak)
rCorr    +         Rampage  .   (no gloves)
MR       .....                  (no boots)
Stlth    ..........             (no amulet)
HPRegen  0.14/turn              i - ring of resist corrosion
MPRegen  0.09/turn              (no ring)

@: lethally poisoned (-3 -> -38), slowed, very slow
A: cold resistance 1, freezing cloud immunity
a: no special abilities


You were on level 3 of the Dungeon.
You visited 1 branch of the dungeon, and saw 3 of its levels.

You collected 109 gold pieces.

Inventory:

Armour
 a - a +0 scale mail (worn)
 b - a +0 kite shield (worn)
Jewellery
 i - a ring of resist corrosion (left hand)
Scrolls
 f - 4 scrolls of identify {unknown}
 g - 3 scrolls of remove curse {unknown}
 h - a scroll of blinking {unknown}
 l - a scroll of enchant weapon {unknown}
 m - 3 scrolls of teleportation {unknown}
Potions
 c - a potion of might
 d - 3 potions of curing {unknown}
 e - a potion of flight {unknown}
 j - a potion of degeneration {unknown}
 k - a potion of brilliance {unknown}
 n - 2 potions of berserk rage {unknown}
 o - a potion of stabbing {unknown}
 p - a potion of lignification {unknown}
 q - a potion of cancellation {unknown}


   Skills:
 + Level 5.0 Fighting
 - Level 2.6 Armour
 - Level 2.6 Shields
 + Level 4.0 Unarmed Combat


You had 4 spell levels left.
You didn't know any spells.
Your spell library was empty.

Dungeon Overview and Level Annotations

Branches:
Dungeon (3/15)

Altars:
Vehumet


Innate Abilities, Weirdness & Mutations

Your flesh is cold resistant. (rC+)
You are immune to freezing clouds.


Message History

You see here a curare-tipped dart.
You feel sick.
The kobold throws a curare-tipped dart.
The curare-tipped dart hits you.
You are lethally poisoned!
You have difficulty breathing.
You feel as though you will be slow longer.
The orc throws a boomerang.
You block the boomerang.
The weapon returns to the orc!
The orc throws a boomerang.
The boomerang hits you.
The weapon returns to the orc!
The kobold throws a curare-tipped dart.
The curare-tipped dart hits you.
You are more poisoned.
You have difficulty breathing.
* * * LOW HITPOINT WARNING * * *
You feel as though you will be slow longer.
You see here 2 curare-tipped darts.
* * * LOW HITPOINT WARNING * * *
You feel very sick.
The orc throws a boomerang.
You block the boomerang.
The weapon returns to the orc!
You die...

·▒▒(······)<)···▒···
····················
··▒▒▒▒▒▒▒···(···▒···
··▒ ▒·····▒▒▒ ··
··▒▒▒▒▒▒▒)·····▒ ·
···············▒
··▒▒▒▒▒▒▒▒▒···▒▒ ▒▒▒
▒····(··▒▒▒▒▒▒▒▒▒
▒·▒▒▒▒(((·@K····▒
▒··o·····▒▒▒▒▒▒·▒
▒▒▒▒▒▒▒▒▒▒▒▒·▒·▒
·······▒ ▒·▒·▒
········ ·····
▒▒······ ···▒·▒▒ ▒
▒···♣ ··▒·▒·▒ ▒
·♣·♣····▒·▒ ▒


You could see an orc and a kobold.

Vanquished Creatures
  3 orc wizards
  3 adders (D:2)
  4 gnolls
  2 oozes
  2 dart slugs
  3 leopard geckos
  11 orcs
  4 bats
  2 giant cockroaches (D:2)
  5 goblins
  3 hobgoblins
  A frilled lizard (D:1)
  6 kobolds
  6 rats
55 creatures vanquished.

Vanquished Creatures (others)
  5 plants (D:3)
5 creatures vanquished.

Grand Total: 60 creatures vanquished

Notes
Turn   | Place    | Note
-------+----------+-------------------------------------------
     0 | D:1      | Azzok the Demonspawn Fighter began the quest for the Orb.
     0 | D:1      | Reached XP level 1. HP: 18/18 MP: 1/1
   162 | D:1      | Gained mutation: Your flesh is cold resistant. (rC+)
                  | [demonic ancestry]
   162 | D:1      | Reached XP level 2. HP: 19/24 MP: 2/2
   855 | D:2      | Reached XP level 3. HP: 12/30 MP: 3/3
  1860 | D:3      | Reached skill level 4 in Fighting
  1886 | D:2      | Reached XP level 4. HP: 16/37 MP: 4/4
  2687 | D:2      | Gained mutation: You are immune to freezing clouds.
                  | [demonic ancestry]
  2687 | D:2      | Reached XP level 5. HP: 39/43 MP: 5/5
  2720 | D:2      | HP: 2/43 [something (4)]
  3140 | D:3      | Found a radiant altar of Vehumet.
  3250 | D:3      | Reached skill level 5 in Fighting
  3507 | D:3      | HP: 1/44 [poisoned by kobold (curare-tipped dart)]
  3508 | D:3      | Succumbed to kobold's curare-tipped dart

Illustrated notes

Levels and vault maps discovered:
D:1:      elethiomel_arrival_maze, layout_rooms, solitary_fountain
D:2:      layout_loops_ring
D:3:      layout_basic, lemuel_crystal_altar, okawaru_trees_2,
          serial_bayou_pond_c

Skill      XL: |  1  2  3  4  5 |
---------------+----------------+-----
Unarmed Combat | 2 3 4 |  4.0
Fighting       | 4 5 |  5.0
Armour         | |  2.6
Shields        | |  2.6

Action                   |  1- 3 |  4- 6 || total
-------------------------+-------+-------++-------
Melee: Unarmed           |   149 |   148 ||   297
Armor: Scale mail        |    59 |    64 ||   123
Dodge: Dodged            |    39 |    34 ||    73
Block: Kite shield       |    63 |    72 ||   135

Table legend: (Time is in decaauts)
 A = Elapsed time spent in this place.
 B = Non-inter-level travel time spent in this place.
 C = Inter-level travel time spent in this place.
 D = Time resting spent in this place.
 E = Time spent auto-exploring this place.
 F = Levels seen in this place.
 G = Mean time per level.
                   A        B        C        D        E       F      G
               +--------+--------+--------+--------+--------+-----+--------+
         Total |   3523 |   3466 |     57 |   1339 |   1555 |   3 | 1174.3 |
       Dungeon |   3523 |   3466 |     57 |   1339 |   1555 |   3 | 1174.3 |
               +--------+--------+--------+--------+--------+-----+--------+

Top non-repeatable levels by time:
     D:2: 2062 daAuts
     D:1: 829 daAuts
     D:3: 630 daAuts
